 Dungeon Crawl Stone Soup version 0.21.1-1-g345015fe64 (webtiles) character file.

220 Gargoyl the Skirmisher (level 5, 0/69 HPs)
             Began as a Centaur Abyssal Knight on May 18, 2018.
             Was a Believer of Lugonu.
             Slain by ImError's ghost (4 damage)
             ... on level 4 of the Dungeon.
             The game lasted 00:05:11 (3512 turns).

Gargoyl the Skirmisher (Centaur Abyssal Knight)     Turns: 3512, Time: 00:05:12

Health: 0/69       AC:  8    Str: 20    XL:     5   Next: 64%
Magic:  6/7        EV: 13    Int: 11    God:    Lugonu [**....]
Gold:   218        SH:  0    Dex: 14    Spells: 4/4 levels left

rFire    + + .     SeeInvis .   a - +1 hand axe
rCold    . . .     Gourm    .   (no shield)
rNeg     . . .     Faith    .   f - +0 scale mail
rPois    .         Spirit   .   (helmet restricted)
rElec    .         Reflect  .   (no cloak)
rCorr    .         Harm     .   d - +1 pair of gloves
MR       .....                  (no barding)
Stlth    ..........             (no amulet)
HPRegen  0.21/turn              k - ring of protection from fire
MPRegen  0.10/turn              (no ring)

@: mighty, agile, berserking, flying, very quick
A: large, antennae 1, hooves 3, deformed body, fire resistance 1, speed 2, tough
skin 3
a: Depart the Abyss, Bend Space, Renounce Religion


You were on level 4 of the Dungeon.
You worshipped Lugonu.
Lugonu was pleased with you.
You were not hungry.

You visited 1 branch of the dungeon, and saw 4 of its levels.
You visited the Abyss 1 time.

You collected 218 gold pieces.

Inventory:

Hand Weapons
 a - a +1 hand axe (weapon)
Armour
 d - a +1 pair of gloves (worn)
 f - a +0 scale mail (worn)
Jewellery
 k - a ring of protection from fire (left hand)
 r - an uncursed ring of positive energy {unknown}
Wands
 p - a wand of flame (32)
Scrolls
 g - a scroll of magic mapping
 n - 2 scrolls of remove curse
 o - 2 scrolls of identify
 q - a scroll of fog {unknown}
 t - a scroll of amnesia {unknown}
 u - a scroll of teleportation
Potions
 h - 2 potions of invisibility
Comestibles
 c - 6 rations


   Skills:
 + Level 3.8 Fighting
 + Level 3.0 Axes
 * Level 2.8 Armour
 + Level 1.1 Dodging
 * Level 3.1 Invocations


You had 4 spell levels left.
You didn't know any spells.

Dungeon Overview and Level Annotations

Branches:
Dungeon (4/15)
 Temple: D:4-7

Altars:
Elyvilon
Vehumet
Wu Jian
Yredelemnul

Annotations:
D:4 ImError's ghost, amateur KoHu


Innate Abilities, Weirdness & Mutations

You have hooves in place of feet.
Armour fits poorly on your strangely shaped body.
You cover ground very quickly.
You have extremely tough skin. (AC +3)
You have a pair of small antennae on your head.
Your flesh is heat resistant. (rF+)


Message History

ImError's ghost hits you!
* * * LOW HITPOINT WARNING * * *
It was a potion of agility.
You feel agile all of a sudden. ImError's ghost hits you.
* * * LOW HITPOINT WARNING * * *
Okay, then.
Space bends around you!
You blink.
It was a potion of mutation.
You feel extremely strange.
You feel resistant to heat. A pair of antennae grows on your head!
It was a potion of flight.
You feel very buoyant.
You fly up into the air.
It was a potion of berserk rage.
A red film seems to cover your vision as you go berserk!
You feel yourself moving faster!
You feel mighty!
You closely miss ImError's ghost.
ImError's ghost is moderately damaged.
ImError's ghost hits you.
You die...

...###..###...##
..........†....##
#.......#.......#
#...............#
#.....#.#.......#
###....#.##.....##
.>...<.#.##.....##
#......#.W.....#
#....<.#.@.....#
#................
#....#........###
....####.#.....##
≈.≈. #.###.### ≈≈≈
... .# ≈ ##.# ..
.# #.


You could see ImError's ghost.

Vanquished Creatures
  2 orc priests (D:3)
  Jessica (D:2)
  6 adders
  An ooze (D:3)
  3 worms
  3 dart slugs
  3 leopard geckos
  An orc (D:3)
  A ball python (D:2)
  3 bats
  5 giant cockroaches
  7 hobgoblins
  2 jackals (D:3)
  2 quokkas
  A frilled lizard (D:1)
  5 goblins
  11 kobolds
  7 rats
64 creatures vanquished.

Vanquished Creatures (others)
  An adder (D:2)
1 creature vanquished.

Grand Total: 65 creatures vanquished

Notes
Turn   | Place    | Note
-------+----------+-------------------------------------------
     0 | Abyss:1  | Gargoyl the Centaur Abyssal Knight began the quest for the Orb.
     0 | Abyss:1  | Reached XP level 1. HP: 19/19 MP: 2/2
    83 | Abyss:1  | Noticed a starcursed mass
   104 | Abyss:1  | Noticed a wretched star
   105 | D:1      | Escaped the Abyss
   182 | D:1      | Reached * piety under Lugonu
   523 | D:1      | Reached XP level 2. HP: 23/26 MP: 3/3
   922 | D:2      | Noticed Jessica
   938 | D:1      | Reached XP level 3. HP: 10/31 MP: 4/4
  1183 | D:2      | Killed Jessica
  1401 | D:2      | Reached XP level 4. HP: 33/39 MP: 5/5
  1424 | D:2      | Found a radiant altar of Vehumet.
  1498 | D:2      | Found a basalt altar of Yredelemnul.
  1547 | D:2      | Reached ** piety under Lugonu
  1786 | D:2      | Reached skill level 1 in Dodging
  2183 | D:2      | Found an ornate altar of the Wu Jian Council.
  2323 | D:3      | Reached XP level 5. HP: 39/46 MP: 7/7
  3184 | D:3      | Found a white marble altar of Elyvilon.
  3492 | D:4      | Noticed ImError's ghost (amateur KoHu)
  3509 | D:4      | Gained mutation: Your flesh is heat resistant. (rF+) [potion of mutation]
  3509 | D:4      | Gained mutation: You have a pair of small antennae on your head. [potion of mutation]
  3512 | D:4      | Slain by ImError's ghost

Skill      XL: |  1  2  3  4  5 |
---------------+----------------+-----
Axes           | 2 3 |  3.0
Armour         | 2 |  2.8
Dodging        | 1 |  1.1
Invocations    | 3 |  3.1
Fighting       | |  3.8

Action                   |  1- 3 |  4- 6 || total
-------------------------+-------+-------++-------
Melee: Hand axe          |    73 |   128 ||   201
       Kick              |    14 |    21 ||    35
Invok: Depart the Abyss  |     1 |       ||     1
       Bend Space        |       |     1 ||     1
  Use: Scroll            |     2 |     3 ||     5
       Potion            |       |     6 ||     6
  Eat: Chunk             |       |     3 ||     3
       Ration            |       |     1 ||     1
Armor: Scale mail        |    10 |    53 ||    63
       Ring mail         |    39 |    24 ||    63
Dodge: Dodged            |    29 |    70 ||    99
